 Dungeon Crawl Stone Soup version 0.26-a0-597-gb535b0901c (webtiles) character file.

Game seed: 3267223924981940316

23214 Lanoc the Gelid (level 12, -10/59 HPs)
             Began as a Deep Elf Ice Elementalist on Sept 4, 2020.
             Was a High Priest of the Shining One.
             Mangled by a death ooze (24 damage)
             ... on level 2 of the Lair of Beasts.
             The game lasted 00:37:53 (18805 turns).

Lanoc the Gelid (Deep Elf Ice Elementalist)        Turns: 18805, Time: 00:37:54

Health: -10/59     AC: 14    Str:  5    XL:     12   Next: 69%
Magic:  12/18      EV: 24    Int: 29    God:    the Shining One [*****.]
Gold:   1447       SH:  0    Dex: 18    Spells: 7/17 levels left

rFire    . . .     SeeInvis +   p - +2 dagger (venom)
rCold    x . .     Faith    +   (no shield)
rNeg     + + .     Spirit   .   e - +2 robe of Midsummer {rC- Int+3 Dex+3}
rPois    .         Reflect  .   L - +2 hat
rElec    .         Harm     .   E - +0 cloak
rCorr    .                      f - +2 pair of gloves
MR       +....                  (no boots)
Stlth    +.........             m - amulet of faith
HPRegen  0.19/turn              l - +4 ring of protection
MPRegen  0.16/turn              n - ring of see invisible

@: silence, glowing
A: no striking features
a: Renounce Religion


You were on level 2 of the Lair of Beasts.
You worshipped the Shining One.
The Shining One was extremely pleased with you.
You visited 4 branches of the dungeon, and saw 18 of its levels.
You also visited: Bailey.

You collected 1447 gold pieces.

Inventory:

Hand Weapons
 p - a +2 dagger of venom (weapon)
Missiles
 C - 7 datura-tipped darts
 M - 7 curare-tipped darts (quivered)
Armour
 e - the +2 robe of Midsummer (worn) {rC- Int+3 Dex+3}
   (You found it on level 5 of the Dungeon)

   It affects your intelligence (+3).
   It affects your dexterity (+3).
   It makes you vulnerable to cold.
 f - a +2 pair of gloves (worn)
 E - a +0 cloak (worn)
 L - a +2 hat (worn)
 O - the +3 hat of Pondering {ponderous, MR+ MP+10 Int+5}
   (You took it off Gastronok on level 2 of the Lair of Beasts)

   It affects your intelligence (+5).
   It affects your resistance to hostile enchantments.
   It affects your magic capacity (+10).
Jewellery
 l - a +4 ring of protection (left hand)
 m - an amulet of faith (around neck)
 n - a ring of see invisible (right hand)
 F - an uncursed ring of flight
 K - an uncursed ring of positive energy
Wands
 d - a wand of polymorph (3)
 j - a wand of flame (4)
 x - a wand of digging (4)
 D - a wand of acid (20)
Scrolls
 a - 5 scrolls of teleportation
 b - 3 scrolls of amnesia
 h - a scroll of immolation
 q - 4 scrolls of fear
 r - 2 scrolls of fog
 u - 5 scrolls of remove curse
 y - a scroll of enchant weapon
 I - a scroll of random uselessness {unknown}
 J - a scroll of enchant armour
 N - a scroll of vulnerability {unknown}
Potions
 c - 5 potions of lignification {unknown}
 g - 3 potions of heal wounds {unknown}
 i - 4 potions of flight
 o - a potion of brilliance {unknown}
 s - 5 potions of stabbing {unknown}
 t - 5 potions of might
 w - 3 potions of cancellation
 z - 2 potions of berserk rage
 A - a potion of ambrosia
 B - a potion of mutation
 G - a potion of resistance
Miscellaneous
 H - a lightning rod (4/4)


   Skills:
 + Level 14.4 Dodging
 - Level 2.4 Stealth
 - Level 3.0 Spellcasting
 * Level 18.2 Ice Magic


You had 7 spell levels left.
You knew the following spells:

 Your Spells              Type           Power        Failure   Level
a - Summon Ice Beast      Ice/Summ       ######..     1%          4
b - Frozen Ramparts       Ice            ######       0%          3
c - Ozocubu's Armour      Ice            #######.     0%          3

Your spell library contained the following spells:

 Spells                   Type           Power        Failure   Level
 Freeze                   Ice            ####         0%          1
 Hailstorm                Conj/Ice       ######..     1%          4
 Leda's Liquefaction      Hex/Erth       #.........   58%         4
 Bolt of Magma            Conj/Fire/Erth #.........   91%         5
 Iskenderun's Battlesphe  Conj           #.......     91%         5
 Iron Shot                Conj/Erth      #.........   100%        6
 Statue Form              Tmut/Erth      #........    100%        6
 Orb of Destruction       Conj           #.........   100%        7
 Spellforged Servitor     Conj/Summ      #.........   100%        7
 Shatter                  Erth           #.........   100%        9


Dungeon Overview and Level Annotations

Branches:
Dungeon (13/15)            Temple (1/1) D:6            Lair (3/6) D:9
  Snake (0/4) Lair:3          Orc (1/2) D:10         Bailey (visited)
  Swamp: Lair:2-4    Shoals: Lair:2-4    Vaults: D:13-14

Altars:
Dithmenos
Elyvilon
Fedhas
Hepliaklqana
Kikubaaqudgha
Uskayaw
The Shining One
Jiyva

Shops:
D:5 *   D:7 :

Annotations:
D:8 Maurice
D:10 4 runed translucent doors, Snorg
D:11 Fannar
Lair:3 Dygurodad's ghost, journeyman DsBr


Message History

A nearby plant withers and dies.
The frozen ramparts melt away.
There is an escape hatch in the ceiling here.
Press: ? - help, v - describe, . - travel An escape hatch in the ceiling.
This square is shrouded in silence and is lit by a halo.
Okay, then.
The death ooze closely misses you. x2; The death ooze hits you.
* * * LOW HITPOINT WARNING * * *
The death ooze closely misses you. A mysterious force pulls you upwards.
The hatch slams shut behind you.
You feel better. The death ooze completely misses you.
The death ooze hits you but does no damage.
The death ooze completely misses you. The death ooze misses you.
You feel better. The death ooze completely misses you. The death ooze hits you!
* * * LOW HITPOINT WARNING * * *
You feel better. The death ooze misses you. The death ooze hits you.
* * * LOW HITPOINT WARNING * * *
You feel better. The death ooze misses you. The death ooze hits you!!
You die...

### ###.# #.... ##.... #.....
#..... #### ######## ##...##
#..#####..##.P# ##...###
#.........J@..# ###.#..##.
###.###.#.#.#..# ###P.#....##
#.#.########..####...........
##...######.#.#.##.>.........
##.###.........[......##....
#.....<###.#....#..####..... ##
####.###.#####.##.##....#.....
.###.##..#...####................
..................###..###..##...


You could see a death ooze.

Vanquished Creatures
  A hydra (D:12)
  A two-headed ogre (D:11)
  An unseen horror (D:12)
  An orc knight (Bailey)
  2 ugly things (D:12)
  Joseph (D:9)
  7 cane toads
  Maggie (D:8)
  A torpor snail (Lair:3)
  2 komodo dragons
  A polar bear (Lair:2)
  3 trolls
  Prince Ribbit (D:8)
  13 blink frogs
  3 dream sheep (Lair:3)
  5 hippogriffs
  A spriggan (Lair:2)
  A yak (Lair:3)
  A wraith (D:13)
  2 wyverns
  A shadow (D:13)
  Grum (D:8)
  3 basilisks (D:9)
  2 steam dragons
  2 nagas (Lair:3)
  6 water moccasins
  4 porcupines
  3 sky beasts
  7 orc warriors
  A black bear (Lair:2)
  An eye of draining (D:10)
  2 ice beasts
  6 phantoms
  8 ogres
  6 wolves
  3 centaurs
  2 crocodiles
  3 big kobolds
  7 bullfrogs
  A wyvern zombie (D:10)
  13 killer bees
  A scorpion (D:10)
  11 wights
  2 howler monkeys (D:13)
  2 jellies
  3 orc priests
  A centaur zombie (D:8)
  6 hounds
  8 orc wizards
  A quasit (D:7)
  2 centaur skeletons
  A bullfrog skeleton (D:6)
  4 iguanas
  Ijyb (D:3)
  8 worker ants
  A hound zombie (D:4)
  3 worker ant zombies
  4 gnolls (D:6)
  A howler monkey skeleton (D:9)
  10 adders
  2 shadow imps
  2 white imps
  3 ufetubi
  6 adder zombies
  6 adder skeletons
  A worm (D:3)
  41 orcs
  2 giant cockroaches
  10 goblins
  5 hobgoblins
  11 jackals
  27 kobolds
  5 quokkas
  2 bats (D:3)
  A frilled lizard (D:2)
  A giant cockroach zombie (D:4)
  A quokka skeleton (D:9)
  3 rats
330 creatures vanquished.

Vanquished Creatures (collateral kills)
  Gastronok (Lair:2)
  An orc knight (Bailey)
  An ugly thing (D:13)
  3 yaks (Lair:3)
  A wyvern zombie (D:13)
  2 howler monkeys
  4 jellies
  An adder (D:11)
14 creatures vanquished.

Vanquished Creatures (others)
  An ufetubus (D:8)
  12 fungi
  33 plants
46 creatures vanquished.

Grand Total: 390 creatures vanquished

Notes
Turn   | Place    | Note
-------+----------+-------------------------------------------
     0 | D:1      | Lanoc the Deep Elf Ice Elementalist began the quest for the
                  | Orb.
     0 | D:1      | Reached XP level 1. HP: 10/10 MP: 6/6
   151 | D:2      | Found a shadowy altar of Dithmenos.
   213 | D:2      | Reached XP level 2. HP: 15/15 MP: 4/8
   345 | D:3      | Reached skill level 5 in Ice Magic
   349 | D:3      | Reached XP level 3. HP: 5/19 MP: 1/9
   354 | D:3      | Learned a level 3 spell: Frozen Ramparts
   830 | D:3      | Noticed Ijyb
   860 | D:3      | Killed Ijyb
   860 | D:3      | Reached XP level 4. HP: 21/24 MP: 2/10
  1113 | D:4      | Noticed a centaur
  1280 | D:4      | Reached skill level 6 in Ice Magic
  1355 | D:5      | Entered Level 5 of the Dungeon
  1366 | D:5      | Noticed an ogre
  1390 | D:5      | Killed an ogre
  1390 | D:5      | Reached XP level 5. HP: 25/28 MP: 5/11
  1397 | D:5      | Learned a level 3 spell: Ozocubu's Armour
  1854 | D:5      | Got a distressingly furry robe
  1864 | D:5      | Identified the +2 robe of Midsummer {rC- Int+3 Dex+3} (You
                  | found it on level 5 of the Dungeon)
  2017 | D:5      | Found Ipsaggi's General Store.
  2249 | D:4      | Killed a centaur
  2249 | D:4      | Reached skill level 5 in Dodging
  2249 | D:4      | Reached skill level 7 in Ice Magic
  2249 | D:4      | Reached XP level 6. HP: 32/32 MP: 7/12
  2598 | D:4      | Reached skill level 8 in Ice Magic
  2598 | D:4      | Reached XP level 7. HP: 36/36 MP: 9/13
  3621 | D:6      | Found a hide-covered altar of Uskayaw.
  3621 | D:6      | Found a glowing golden altar of the Shining One.
  3638 | D:6      | Found a white marble altar of Elyvilon.
  3638 | D:6      | Found an ancient bone altar of Kikubaaqudgha.
  3642 | D:6      | Became a worshipper of the Shining One
  3919 | D:6      | Found a staircase to the Ecumenical Temple.
  3928 | Temple   | Entered the Ecumenical Temple
  4530 | D:6      | Reached skill level 9 in Ice Magic
  5004 | D:6      | Reached XP level 8. HP: 21/41 MP: 6/14
  5348 | D:6      | Reached skill level 10 in Ice Magic
  5944 | D:7      | Found Meadgh's Book Boutique.
  6147 | D:7      | Reached * piety under the Shining One
  6259 | D:7      | Reached skill level 11 in Ice Magic
  6578 | D:7      | Reached XP level 9. HP: 37/45 MP: 12/15
  7119 | D:8      | Reached ** piety under the Shining One
  7448 | D:8      | Noticed Grum
  7456 | D:8      | Killed Grum
  7456 | D:8      | Reached skill level 12 in Ice Magic
  7614 | D:8      | Noticed Maggie
  7624 | D:8      | Killed Maggie
  7868 | D:8      | Noticed Maurice
  7876 | D:8      | Noticed Prince Ribbit
  7901 | D:8      | Killed Prince Ribbit
  7931 | D:8      | Reached skill level 10 in Dodging
  8248 | D:9      | Found a hazy altar of Hepliaklqana.
  8329 | D:9      | Noticed Joseph
  8355 | D:9      | The Shining One protects you from harm!
  8357 | D:9      | Killed Joseph
  8357 | D:9      | Reached skill level 13 in Ice Magic
  8357 | D:9      | Reached XP level 10. HP: 12/50 MP: 6/16
  8410 | D:9      | Found a flagged portal.
  8521 | Bailey   | Entered a bailey
  8614 | Bailey   | Noticed an orc knight
  8617 | Bailey   | Noticed an orc knight
  8625 | Bailey   | Killed an orc knight
  8626 | Bailey   | The Shining One protects you from harm!
  8905 | Bailey   | Learned a level 4 spell: Summon Ice Beast
  8926 | Bailey   | Killed an orc knight
  9432 | D:9      | Found a shadowy altar of Dithmenos.
  9657 | D:9      | Reached *** piety under the Shining One
  9722 | D:9      | Reached skill level 14 in Ice Magic
  9908 | D:9      | Found a staircase to the Lair.
 10318 | D:9      | Found a blossoming altar of Fedhas.
 10352 | D:10     | Entered Level 10 of the Dungeon
 10419 | D:10     | Found a runed translucent door.
 10421 | D:10     | Found a staircase to the Orcish Mines.
 10424 | D:10     | Noticed Snorg
 10433 | D:10     | Found a runed translucent door.
 10569 | D:10     | Found a runed translucent door.
 10600 | D:10     | Found a runed translucent door.
 11001 | D:10     | Reached XP level 11. HP: 54/54 MP: 13/17
 11067 | D:10     | Reached skill level 15 in Ice Magic
 11403 | D:10     | Reached **** piety under the Shining One
 12290 | D:11     | Noticed Fannar
 12518 | D:12     | Noticed an unseen horror
 12529 | D:12     | Killed an unseen horror
 12547 | D:12     | Noticed a red ugly thing
 12568 | D:12     | Killed a red ugly thing
 12714 | D:12     | Noticed a cyan ugly thing
 12740 | D:12     | The Shining One protects you from harm!
 12794 | D:12     | Killed a cyan ugly thing
 13323 | D:12     | Noticed an eight-headed hydra
 13360 | D:12     | Killed an eight-headed hydra
 13530 | D:12     | Reached skill level 16 in Ice Magic
 13544 | D:11     | Noticed a two-headed ogre
 13557 | D:11     | Killed a two-headed ogre
 14469 | D:13     | Noticed a green ugly thing
 14469 | D:13     | Reached ***** piety under the Shining One
 14481 | D:13     | Killed a green ugly thing
 14862 | Orc:1    | Entered Level 1 of the Orcish Mines
 14862 | Orc:1    | Noticed an orc warlord
 14972 | Lair:1   | Entered Level 1 of the Lair of Beasts
 16035 | Lair:2   | Reached XP level 12. HP: 46/59 MP: 15/18
 16065 | Lair:2   | Reached skill level 17 in Ice Magic
 16706 | Lair:2   | Noticed Gastronok
 16723 | Lair:2   | Killed Gastronok
 17319 | Lair:3   | Found a staircase to the Snake Pit.
 17477 | Lair:3   | Found a runed translucent gate.
 17477 | Lair:3   | Found a runed translucent gate.
 17477 | Lair:3   | Found a runed translucent gate.
 17480 | Lair:3   | Noticed a death ooze
 17481 | Lair:3   | Noticed Dygurodad's ghost (journeyman DsBr)
 17483 | Lair:3   | Found a viscous altar of Jiyva.
 17887 | Lair:3   | Reached skill level 18 in Ice Magic
 18783 | Lair:3   | HP: 1/59 [death ooze (11)]
 18797 | Lair:3   | HP: 1/59 [death ooze (3)]
 18803 | Lair:2   | HP: 2/59 [death ooze (14)]
 18805 | Lair:2   | Mangled by a death ooze

Illustrated notes

Levels and vault maps discovered:
D:1:      lightli_arrival_noodles, layout_basic
D:2:      layout_basic, chequers_ecumenical_altar_simple,
          corexii_leaking_fountain, grunt_dithmenos_smoke, uniq_sigmund
D:3:      layout_rooms, uniq_ijyb
D:4:      layout_basic, serial_undead, serial_undead_e, serial_undead_e,
          serial_undead_a, serial_undead_a, serial_undead_c, serial_undead_d
D:5:      layout_basic, serial_shops, kennysheep_mini, kennysheep_crisscross,
          st_stairs_1
D:6:      layout_gridville, grunt_temple_overflow_open,
          lemuel_coloured_pillars_altar, minmay_temple_entry_glass,
          chequers_big_river, lemuel_angel_altar
D:7:      layout_basic, serial_shops, shop_fountains, kennysheep_nub
D:8:      layout_basic, uniq_prince_ribbit1, uniq_grum, uniq_maggie,
          uniq_maurice
D:9:      layout_loops_ring, riverfiend_overflow_shadow_ancestor,
          fedhas_altar_decomposition, erik_lair_dragon, enter_bailey_3,
          chequers_garden, uniq_joseph
D:10:     layout_loops_corners, orc_0_dummy, minmay_statue_crystal_thing,
          uniq_snorg
D:11:     layout_basic, serial_shops, nicolae_shop_competitors_out_of_business,
          uniq_fannar
D:12:     layout_gridville
D:13:     layout_loops_cross, minivault_20
Temple:   minmay_temple_curvy_branch
Lair:1:   layout_roguey, chequers_serial_rivers_micro_e
Lair:2:   layout_loops_ring, minivault_24, grunt_forest_stairs_clearing,
          uniq_gastronok
Lair:3:   layout_roguey, guppyfry_snake_entry_island, gammafunk_ghost_ooze,
          beast_lair_carwin_11
Orc:1:    layout_diamond_mine

Skill      XL: |  1  2  3  4  5  6  7  8  9 10 11 12 |
---------------+-------------------------------------+-----
Dodging        | 3 4 5 6 8 10 11 13 14 | 14.4
Ice Magic      | 5 6 7 8 9 11 13 14 16 18 | 18.2
Stealth        | |  2.4
Spellcasting   | |  3.0

Action                   |  1- 3 |  4- 6 |  7- 9 | 10-12 || total
-------------------------+-------+-------+-------+-------++-------
Melee: Unarmed           |    12 |    53 |       |       ||    65
       Dagger            |       |    54 |   324 |   508 ||   886
Throw: Dart              |       |       |       |     7 ||     7
 Cast: Freeze            |    24 |     2 |       |       ||    26
       Frozen Ramparts   |     6 |    16 |    68 |   141 ||   231
       Ozocubu's Armour  |       |     1 |     3 |     3 ||     7
       Summon Ice Beast  |       |       |       |    26 ||    26
Evoke: Wand              |       |       |       |    16 ||    16
  Use: Scroll            |       |     5 |     5 |    14 ||    24
       Potion            |       |       |       |     4 ||     4
 Stab: Sleeping          |       |     2 |     1 |       ||     3
Armor: Robe              |    11 |    48 |    87 |   140 ||   286
Dodge: Dodged            |    30 |    70 |   319 |   568 ||   987

Table legend: (Time is in decaauts)
 A = Elapsed time spent in this place.
 B = Non-inter-level travel time spent in this place.
 C = Inter-level travel time spent in this place.
 D = Time resting spent in this place.
 E = Time spent auto-exploring this place.
 F = Levels seen in this place.
 G = Mean time per level.
                   A        B        C        D        E       F      G
               +--------+--------+--------+--------+--------+-----+--------+
         Total |  18813 |  18304 |    509 |   1205 |  12838 |  19 |  990.2 |
       Dungeon |  14456 |  13982 |    474 |    848 |   9685 |  13 | 1112.0 |
        Temple |      1 |      1 |      0 |      0 |      0 |   1 |    1.0 |
          Lair |   3841 |   3806 |     35 |    100 |   3106 |   3 | 1280.3 |
  Orcish Mines |      1 |      1 |      0 |      0 |      0 |   1 |    1.0 |
        Bailey |    511 |    511 |      0 |    257 |     47 |   1 |  511.0 |
               +--------+--------+--------+--------+--------+-----+--------+

Top non-repeatable levels by time:
     D:6: 2105 daAuts
    D:10: 1979 daAuts
  Lair:3: 1877 daAuts
     D:9: 1705 daAuts
    D:12: 1654 daAuts
     D:4: 1307 daAuts
     D:5: 1273 daAuts
     D:8: 1168 daAuts
     D:7: 1167 daAuts
  Lair:2: 1036 daAuts
  Lair:1: 927 daAuts
     D:3: 914 daAuts
    D:13: 671 daAuts
  Bailey: 511 daAuts
    D:11: 233 daAuts
